 Dungeon Crawl Stone Soup version 0.29.1-12-g30fa7ad0bf (webtiles) character file.

Game seed: 15216296245324506040

470 hawla the Firebug (level 7, -8/52 HPs)
             Began as a Meteoran Fire Elementalist on Dec 25, 2022.
             Mangled by a yak (16 damage)
             ... on level 9 of the Dungeon.
             The game lasted 00:06:21 (722 turns).

hawla the Firebug (Meteoran Fire Elementalist)       Turns: 722, Time: 00:06:22

Health: -8/52      AC:  2    Str: 10    XL:     7   Next: 57%
Magic:  7/15       EV: 13    Int: 20    God:
Gold:   102        SH:  0    Dex: 15    Spells: 8/15 levels left

rFire   + . .      SeeInvis +   (no weapon)
rCold   . . .      Faith    .   (no shield)
rNeg    . . .      Spirit   .   a - +0 robe
rPois   .          Reflect  .   (no helmet)
rElec   .          Harm     .   (no cloak)
rCorr   .          Rampage  .   (no gloves)
Will    .....                   (no boots)
Stlth   +.........              (no amulet)
HPRegen 0.17/turn               k - ring "Fooklibo" {rF+ Int+2 SInv}
MPRegen 0.14/turn               (no ring)

@: about to teleport, glowing
A: sense surroundings 1, otherworldly, glowing, explore regen
a: no special abilities


You were on level 9 of the Dungeon.
You visited 1 branch of the dungeon, and saw 6 of its levels.

You collected 102 gold pieces.

Inventory:

Armour
 a - a +0 robe (worn)
Jewellery
 k - the ring "Fooklibo" (left hand) {rF+ Int+2 SInv}
   (You found it on level 6 of the Dungeon)

   [ring of see invisible]

   Int:       It affects your intelligence (+2).
   rF:        It protects you from fire.
   SInv:      It lets you see invisible.
Scrolls
 e - a scroll of identify
 i - a scroll of amnesia {unknown}
 j - a scroll of magic mapping {unknown}
Potions
 b - a potion of magic
 c - a potion of lignification
 d - 2 potions of invisibility {unknown}
 f - a potion of heal wounds
 g - a potion of curing {unknown}


   Skills:
 + Level 1.0 Fighting
 + Level 3.2 Dodging
 - Level 1.4 Stealth
 + Level 4.8 Spellcasting
 + Level 5.2 Conjurations
 + Level 5.9 Fire Magic


You had 8 spell levels left.
You knew the following spells:

 Your Spells              Type           Power      Damage    Failure   Level
a - Foxfire               Conj/Fire      100%       2x1d9     1%          1
b - Scorch                Fire           56%        2d7       1%          2
c - Flame Wave            Conj/Fire      27%        2d9       12%         4

Your spell library contained the following spells:

 Spells                   Type           Power      Damage    Failure   Level
 Conjure Flame            Conj/Fire      27%        6-21      3%          3
 Inner Flame              Hex/Fire       16%        N/A       11%         3
 Freeze                   Ice            16%        1d4       12%         1
 Frozen Ramparts          Ice            8%         1d2       34%         3
 Hailstorm                Conj/Ice       15%        3d5       36%         4


Dungeon Overview and Level Annotations

Branches:
Dungeon (6/15) Zot: 2878
 Temple: D:4-7

Altars:

Annotations:
D:2 Robin


Innate Abilities, Weirdness & Mutations

You passively map a small area around you.
You are easily found by Zot.
You glow in the dark.
You regain HP and MP as you explore.


Message History

Confirm with . or Enter, or press ? or * to list all spells.
The spell is quite dangerous to miscast (14% risk of failure)!
Continue anyway?
Casting: Flame Wave (quite dangerous; 14% risk of failure)
Press: ? - help, Dir - look around, f - activate A wave of flame ripples out!
The flame wave engulfs the yak!
The yak is burned terribly!
The yak is almost dead. (Press . to intensify the flame waves.)
You hear a shout!
The yak gores you.
A wave of flame ripples out!
The flame wave engulfs the yak!!
The yak is burned terribly!
You kill the yak!
The flame wave engulfs the yak.
The yak is lightly wounded.
You hear a shout!
A yak comes into view. x2
Your Fighting skill increases to level 1!
A wave of flame ripples out!
The flame wave engulfs the yak but does no damage.
The yak is lightly wounded.
You finish channelling waves of flame.
You hear a shout!
You hear an angry hiss.
You hear a shout! x3
A centaur comes into view.
The yak gores you!
As you read the scroll labelled WYSUFAVORE, it crumbles to dust.
It is a scroll of identify.
c - a potion of lignification A centaur comes into view.
The yak gores you!
As you read the scroll labelled ODERUR TERA, it crumbles to dust.
You feel strangely unstable.
It was a scroll of teleportation.
The yak gores you!
* * * LOW HITPOINT WARNING * * *
You feel much better.
The centaur wields a +0 shortbow.
The centaur shoots an arrow.
The arrow hits you! The yak gores you. The yak gores you!
* * * LOW HITPOINT WARNING * * *
The yak attacks as you move away! The yak gores you!
You die...

, * * ,....# ,
#...# * , , *
#?..# , , #...#
, , ,,
.####...#
........######.
* ,
....Y.Y...cc...
* #...YYY@# *
#.#####.# * *
#.# ,,, #.# ,*
#.# *, * * #..,
,, #.. , , #.##
#.# ,


You could see 5 yaks and 2 centaurs.

Vanquished Creatures
  A yak (D:9)
  A kobold brigand (D:6)
  Blork the orc (D:6)
  A bullfrog (D:6)
  A hound (D:6)
  5 adders
  An ufetubus (D:3)
  2 dart slugs (D:1)
  5 orcs
  3 endoplasms
  2 giant cockroaches (D:1)
  A goblin (D:1)
  3 hobgoblins
  4 jackals (D:1)
  7 kobolds
  3 quokkas
  2 ball pythons (D:1)
  4 bats (D:2)
  A frilled lizard (D:2)
  A rat (D:1)
49 creatures vanquished.

Vanquished Creatures (others)
  78 foxfires
78 creatures vanquished.

Grand Total: 127 creatures vanquished

Notes
Turn   | Place    | Note
-------+----------+-------------------------------------------
     0 | D:1      | hawla the Meteoran Fire Elementalist began the quest for
                  | the Orb.
     0 | D:1      | Reached XP level 1. HP: 14/14 MP: 5/5
    80 | D:2      | Noticed Robin
    88 | D:1      | Reached XP level 2. HP: 20/20 MP: 3/6
    91 | D:1      | Learned a level 2 spell: Scorch
   201 | D:1      | Reached XP level 3. HP: 26/26 MP: 3/8
   372 | D:2      | Reached XP level 4. HP: 27/33 MP: 3/10
   440 | D:3      | Learned a level 4 spell: Flame Wave
   459 | D:3      | Reached XP level 5. HP: 17/39 MP: 0/11
   484 | D:3      | You fall into a shaft and drop 3 floors!
   495 | D:6      | Noticed Blork the orc
   503 | D:6      | Killed Blork the orc
   540 | D:6      | Noticed a bullfrog
   546 | D:6      | Killed a bullfrog
   547 | D:6      | Reached skill level 5 in Fire Magic
   547 | D:6      | Reached XP level 6. HP: 39/46 MP: 7/12
   560 | D:6      | Reached skill level 5 in Conjurations
   564 | D:6      | Identified the ring "Fooklibo" {rF+ Int+2 SInv}
   638 | D:6      | Reached XP level 7. HP: 51/51 MP: 9/14
   711 | D:6      | You fall into a shaft and drop 3 floors!
   712 | D:9      | Noticed a yak
   712 | D:9      | Noticed a yak
   714 | D:9      | Noticed a yak
   715 | D:9      | Noticed a yak
   717 | D:9      | Killed a yak
   717 | D:9      | Noticed a yak
   717 | D:9      | Noticed a yak
   718 | D:9      | Reached skill level 1 in Fighting
   720 | D:9      | HP: 2/52 [yak (16)]
   722 | D:9      | Mangled by a yak

Illustrated notes

Levels and vault maps discovered:
D:1:      doesnt_arrival_eight_statues, layout_basic,
          chequers_serial_rivers_micro_d
D:2:      layout_basic, shapermc_ecumenical_altar_mp_ritualfount, uniq_robin
D:3:      layout_basic
D:4:      layout_loops_cross, roderic_batcave, uniq_duvessa, uniq_eustachio
D:6:      layout_gridville, minmay_chambers_of_fives, uniq_blork_the_orc,
          uniq_edmund
D:9:      layout_small_grid, nicolae_ru_the_path_less_chosen,
          david_lair_shrubbed, st_stairs_10

Skill      XL: |  1  2  3  4  5  6  7 |
---------------+----------------------+-----
Fire Magic     | 4 5 |  5.9
Spellcasting   | 3 4 |  4.8
Conjurations   | 2 4 5 |  5.2
Dodging        | 3 |  3.2
Fighting       | 1 |  1.0
Stealth        | |  1.4

Action                   |  1- 3 |  4- 6 |  7- 9 || total
-------------------------+-------+-------+-------++-------
Melee: Unarmed           |    19 |     5 |       ||    24
 Cast: Foxfire           |    28 |    17 |     1 ||    46
       Scorch            |    15 |    10 |     3 ||    28
       Flame Wave        |       |     2 |     1 ||     3
  Use: Scroll            |     1 |       |     2 ||     3
       Potion            |       |       |     1 ||     1
Armor: Robe              |     7 |    12 |       ||    19
Dodge: Dodged            |    21 |    22 |       ||    43
